 Dungeon Crawl Stone Soup version 0.29-a0-356-g7bc237e783 (webtiles) character file.

Game seed: 2516768831080983438

17614 Shayle the Martial Artist (level 12, -1/76 HPs)
             Began as a Tengu Brigand on Apr 25, 2022.
             Was a Priest of Cheibriados.
             Slain by a skeletal warrior
             ... wielding a +0 hand axe
              (26 damage)
             ... on level 10 of the Dungeon.
             The game lasted 00:47:03 (13114 turns).

Shayle the Martial Artist (Tengu Brigand)          Turns: 13114, Time: 00:47:03

Health: -1/76      AC:  7    Str: 21    XL:     12   Next: 49%
Magic:  18/18      EV: 28    Int: 20    God:    Cheibriados [***...]
Gold:   358        SH:  5    Dex: 27    Spells: 10/15 levels left

rFire   . . .      SeeInvis +     - Unarmed
rCold   . . .      Faith    .   (no shield)
rNeg    . . .      Spirit   .   Q - +0 ring mail
rPois   .          Reflect  +   (helmet restricted)
rElec   .          Harm     .   c - +0 cloak
rCorr   .          Rampage  .   I - +0 pair of gloves
Will    .....                   (boots unavailable)
Stlth   +++.......              B - amulet of reflection
HPRegen 0.22/turn               p - +4 ring of evasion
MPRegen 0.16/turn               N - ring of see invisible

@: flying quickly and evasively, very slow
A: beak, talons 3, nimble flight
a: Renounce Religion, Bend Time, Temporal Distortion


You were on level 10 of the Dungeon.
You worshipped Cheibriados.
Cheibriados was most pleased with you.
You visited 3 branches of the dungeon, and saw 14 of its levels.

You collected 727 gold pieces.
You spent 369 gold pieces at shops.

Inventory:

Hand Weapons
 a - a +2 dagger
 h - a +2 long sword of electrocution
 u - the +11 hand axe "Syqosch" {pain, rPois Will++ rCorr}
   (You found it on level 3 of the Dungeon)

   In the hands of one skilled in necromantic magic, it inflicts extra damage on
   living creatures.
   rPois:     It protects you from poison.
   rCorr:     It protects you from acid and corrosion.
   Will:      It greatly increases your willpower.
Missiles
 d - 20 poisoned darts (quivered)
 q - 6 atropa-tipped darts
 J - 3 curare-tipped darts
Armour
 b - a +0 robe
 c - a +0 cloak (worn)
 I - a +0 pair of gloves (worn)
 Q - a +0 ring mail (worn)
Magical Staves
 m - a staff of death
 K - a staff of conjuration
Jewellery
 j - an amulet of magic regeneration
 p - a +4 ring of evasion (left hand)
 r - an amulet of faith
 t - a ring of fire
 v - a ring of poison resistance
 B - an amulet of reflection (around neck)
 H - a ring of positive energy
 L - a ring of positive energy
 N - a ring of see invisible (right hand)
Wands
 A - a wand of mindburst (9)
 M - a wand of flame (4)
Scrolls
 s - 3 scrolls of teleportation
 y - a scroll of fog
 E - 2 scrolls of amnesia
 G - a scroll of silence
Potions
 f - 3 potions of brilliance
 g - 10 potions of curing
 i - 2 potions of flight
 k - 4 potions of might
 l - 3 potions of attraction
 n - a potion of mutation
 o - 2 potions of haste
 w - a potion of magic {unknown}
 x - a potion of berserk rage {unknown}
 z - 3 potions of degeneration {unknown}
 D - 2 potions of ambrosia {unknown}
 F - a potion of lignification
Miscellaneous
 P - a condenser vane (inert)


   Skills:
 + Level 9.4 Fighting
 - Level 2.1 Short Blades
 - Level 2.0 Throwing
 + Level 10.1 Dodging
 - Level 5.5 Stealth
 - Level 10.2 Unarmed Combat
 * Level 2.3 Spellcasting
 - Level 9.3 Necromancy
 - Level 1.6 Fire Magic
 + Level 7.0 Invocations
 + Level 1.1 Evocations


You had 10 spell levels left.
You knew the following spells:

 Your Spells              Type           Power      Damage    Failure   Level
a - Scorch                Fire           16%        2d5       21%         2
b - Call Canine Familiar  Summ           2%         N/A       58%         3

Your spell library contained the following spells:

 Spells                   Type           Power      Damage    Failure   Level
 Call Imp                 Summ           2%         N/A       36%         2
 Flame Wave               Conj/Fire      5%         2d5       88%         4
 Hailstorm                Conj/Ice       2%         3d3       94%         4
 Ice Form                 Ice/Tmut       2%         N/A       94%         4
 Simulacrum               Ice/Necr       10%        N/A       99%         6
 Alistair's Intoxication  Tmut/Pois      1%         N/A       100%        5
 Blade Hands              Tmut           1%         N/A       100%        5
 Summon Cactus Giant      Summ           1%         N/A       100%        6


Dungeon Overview and Level Annotations

Branches:
Dungeon (11/15)            Temple (1/1) D:5            Lair (2/6) D:10
    Orc (0/2) D:10
  Swamp: Lair:2-4    Shoals: Lair:2-4     Snake: Lair:2-4    Spider: Lair:2-4

Altars:
Ashenzari
Cheibriados
Dithmenos
Elyvilon
Fedhas
Gozag
Hepliaklqana
Kikubaaqudgha
Makhleb
Nemelex Xobeh
Okawaru
Qazlal
Ru
Sif Muna
Trog
Uskayaw
Vehumet
Wu Jian
Xom
Yredelemnul
Zin
The Shining One

Shops:
D:1 =   D:7 ?   D:8 !

Annotations:
D:3 Robin
D:4 3 runed translucent doors, jejorda2's ghost, novice MfBe
D:5 3 runed translucent doors, benadryl's ghost, weakling TrDe


Innate Abilities, Weirdness & Mutations

You have a beak for a mouth.
You have claws for feet.
Your magical nature lets you fly swiftly and evasively.


Message History

The skeletal warrior is moderately damaged.
The skeletal warrior hits you with a +0 hand axe!
You hit the skeletal warrior.
You claw the skeletal warrior, but do no damage.
You peck the skeletal warrior, but do no damage.
The skeletal warrior is moderately damaged.
You barely miss the skeletal warrior.
You claw the skeletal warrior, but do no damage.
Your peck misses the skeletal warrior.
The skeletal warrior is moderately damaged.
The skeletal warrior hits you with a +0 hand axe!
You barely miss the skeletal warrior. You claw the skeletal warrior.
The skeletal warrior is moderately damaged.
The skeletal warrior completely misses you.
You hit the skeletal warrior. You claw the skeletal warrior!
The skeletal warrior is heavily damaged.
The skeletal warrior completely misses you.
You closely miss the skeletal warrior.
You claw the skeletal warrior, but do no damage.
You peck the skeletal warrior, but do no damage.
The skeletal warrior is heavily damaged.
The skeletal warrior completely misses you.
You hit the skeletal warrior but do no damage.
You claw the skeletal warrior, but do no damage.
The skeletal warrior is heavily damaged.
You block the skeletal warrior's attack.
You closely miss the skeletal warrior.
You peck the skeletal warrior, but do no damage.
The skeletal warrior is heavily damaged.
Okay, then.
You punch the skeletal warrior!
You peck the skeletal warrior, but do no damage.
The skeletal warrior is almost destroyed.
The skeletal warrior hits you with a +0 hand axe.
You hit the skeletal warrior but do no damage.
You claw the skeletal warrior, but do no damage.
Your peck misses the skeletal warrior.
The skeletal warrior is severely damaged.
The skeletal warrior hits you with a +0 hand axe!!
You die...

.[......#....###..###....##......
........#................########
.##.....#................#.......
.##.....'................#.......
........#................#.......
........####.###.###.#####.......
...###.......#.....#............#
...# #.......#.....#............#
...# #....>.....@.....#..........
...###.......#...z.#..#..........
.............#...).#.............
###########..###.###..###########
#...........# #######.....#
#######


You could see a skeletal warrior.

Vanquished Creatures
  A hydra (Lair:1)
  3 two-headed ogres (D:10)
  5 death yaks
  A skeletal warrior (D:11)
  Pikel (D:4)
  2 black mambas (Lair:1)
  2 cane toads (Lair:1)
  An unseen horror (D:10)
  2 komodo dragons
  A kobold demonologist (D:9)
  A rime drake (Lair:2)
  2 trolls
  Prince Ribbit (D:9)
  A shadow (D:9)
  9 yaks (D:10)
  A wyvern (Lair:2)
  Eustachio (D:5)
  A basilisk (Lair:1)
  Menkaure (D:4)
  2 steam dragons
  6 water moccasins
  An orc warrior (D:10)
  A sky beast (D:7)
  2 black bears
  2 ice beasts
  3 ogres
  2 centaurs
  6 wolves (Lair:2)
  6 phantoms
  2 kobold brigands
  7 bullfrogs
  4 necrophages
  6 scorpions
  14 wights
  19 killer bees
  A howler monkey (D:6)
  2 hounds
  2 jellies
  3 orc priests
  2 gnoll shamans (D:7)
  Jessica (D:3)
  An iguana (D:5)
  3 orc wizards
  2 hell rats (D:10)
  11 gnolls
  13 adders
  3 river rats (D:10)
  2 white imps (D:8)
  4 worms
  4 dart slugs
  32 orcs
  10 ball pythons
  5 endoplasms
  2 giant cockroaches (D:3)
  8 goblins
  9 hobgoblins
  7 jackals
  5 quokkas
  3 bats
  A frilled lizard (D:2)
  22 kobolds
  11 rats
289 creatures vanquished.

Vanquished Creatures (others)
  A bush (Lair:2)
  11 fungi
  13 plants
25 creatures vanquished.

Grand Total: 314 creatures vanquished

Notes
Turn   | Place    | Note
-------+----------+-------------------------------------------
     0 | D:1      | Shayle the Tengu Brigand began the quest for the Orb.
     0 | D:1      | Reached XP level 1. HP: 12/12 MP: 2/2
    38 | D:1      | Found Kimutz's Jewellery Emporium.
    58 | D:1      | Found a faded altar of an unknown god.
   290 | D:1      | Reached XP level 2. HP: 17/17 MP: 3/3
   732 | D:2      | Reached XP level 3. HP: 22/22 MP: 4/4
  1511 | D:2      | Reached XP level 4. HP: 27/27 MP: 5/5
  1716 | D:3      | Reached skill level 1 in Invocations
  1834 | D:3      | Found a sacrificial altar of Ru.
  2088 | D:3      | Identified the +11 hand axe "Syqosch" {pain, rPois Will++
                  | rCorr}
  2159 | D:3      | Noticed Robin
  2159 | D:3      | Noticed Jessica
  2399 | D:4      | Noticed a necrophage
  2402 | D:4      | Gained mutation: Your magical nature lets you fly swiftly
                  | and evasively. [Tengu growth]
  2402 | D:4      | Reached XP level 5. HP: 28/32 MP: 7/7
  2415 | D:4      | Reached skill level 5 in Stealth
  2477 | D:4      | Found a runed translucent gate.
  2477 | D:4      | Found a runed translucent gate.
  2477 | D:4      | Found a runed translucent gate.
  2480 | D:4      | Noticed jejorda2's ghost (novice MfBe)
  2482 | D:4      | Noticed a kobold brigand
  2682 | D:4      | Learned a level 2 spell: Scorch
  2682 | D:4      | Noticed a lemure
  2731 | D:5      | Entered Level 5 of the Dungeon
  2763 | D:5      | Reached XP level 6. HP: 37/37 MP: 8/8
  2830 | D:5      | Reached skill level 1 in Necromancy
  2876 | D:5      | Noticed Eustachio
  2902 | D:5      | Killed Eustachio
  2903 | D:5      | Reached skill level 1 in Spellcasting
  2903 | D:5      | Reached skill level 1 in Fire Magic
  2903 | D:5      | Reached XP level 7. HP: 39/42 MP: 9/9
  2965 | D:5      | Found a staircase to the Ecumenical Temple.
  2974 | Temple   | Entered the Ecumenical Temple
  2981 | Temple   | Became a worshipper of Cheibriados the Contemplative
  3021 | D:5      | Found a runed translucent gate.
  3055 | D:5      | Found a runed translucent gate.
  3055 | D:5      | Noticed benadryl's ghost (weakling TrDe)
  3063 | D:5      | Noticed a troll
  3069 | D:5      | Got the Tome of the Unstable Escort
  3112 | D:5      | Reached skill level 1 in Unarmed Combat
  3255 | D:5      | Found a runed translucent gate.
  3466 | D:3      | Reached XP level 8. HP: 48/48 MP: 11/11
  3675 | D:3      | Reached * piety under Cheibriados
  3780 | D:3      | Killed Jessica
  4292 | D:4      | Noticed Menkaure
  4298 | D:4      | Killed Menkaure
  4382 | D:4      | Noticed Pikel
  4393 | D:4      | Killed Pikel
  4394 | D:4      | Reached skill level 5 in Fighting
  4394 | D:4      | Reached skill level 5 in Dodging
  4394 | D:4      | Reached skill level 5 in Unarmed Combat
  4818 | D:4      | Reached XP level 9. HP: 54/54 MP: 12/12
  5117 | D:5      | Found a hide-covered altar of Uskayaw.
  5490 | D:6      | Reached ** piety under Cheibriados
  5623 | D:6      | Reached skill level 5 in Necromancy
  5861 | D:6      | Found a glowing silver altar of Zin.
  5866 | D:6      | Found an iron altar of Okawaru.
  5869 | D:6      | Identified the +2 pair of boots of Weightlessness {rC+}
  5880 | D:6      | Found a shimmering altar of Xom.
  5885 | D:6      | Found an ornate altar of the Wu Jian Council.
  5896 | D:6      | Found a glowing golden altar of the Shining One.
  5928 | D:6      | Identified the +0 leather armour of Ruist {Rampage rC-
                  | Regen+}
  6260 | D:7      | Reached *** piety under Cheibriados
  6684 | D:7      | Found Meesk's Magic Scroll Shop.
  6691 | D:7      | Bought a scroll of torment for 75 gold pieces
  6691 | D:7      | Bought a scroll of fear for 35 gold pieces
  6691 | D:7      | Bought a scroll of amnesia for 35 gold pieces
  6692 | D:7      | Bought a scroll of identify for 20 gold pieces
  6758 | D:7      | Reached XP level 10. HP: 57/61 MP: 13/13
  7255 | D:8      | Reached **** piety under Cheibriados
  7259 | D:8      | You are sucked into a shaft and drop 2 floors!
  7259 | D:10     | Entered Level 10 of the Dungeon
  8011 | D:8      | Found Tuothr Xyri's Distillery.
  8030 | D:8      | Bought a potion of curing for 36 gold pieces
  8030 | D:8      | Bought a potion of heal wounds for 60 gold pieces
  8030 | D:8      | Bought a potion of lignification for 36 gold pieces
  8030 | D:8      | Bought a potion of curing for 36 gold pieces
  8030 | D:8      | Bought a potion of curing for 36 gold pieces
  8193 | D:9      | Noticed a kobold demonologist
  8200 | D:9      | Killed a kobold demonologist
  8335 | D:9      | Noticed Prince Ribbit
  8339 | D:9      | Killed Prince Ribbit
  8784 | D:9      | Reached XP level 11. HP: 47/68 MP: 15/15
  9082 | D:10     | Reached skill level 5 in Invocations
  9350 | D:10     | Found a staircase to the Orcish Mines.
  9636 | D:10     | Noticed a death yak
  9646 | D:10     | Noticed a death yak
  9646 | D:10     | Noticed a death yak
  9649 | D:10     | Noticed a two-headed ogre
  9655 | D:10     | Killed a death yak
  9659 | D:10     | Killed a death yak
  9676 | D:10     | Killed a two-headed ogre
  9679 | D:10     | Killed a death yak
  9816 | D:10     | Found a staircase to the Lair.
  9825 | Lair:1   | Entered Level 1 of the Lair of Beasts
 10209 | D:10     | Noticed a two-headed ogre
 10220 | D:10     | Killed a two-headed ogre
 10248 | D:10     | Noticed a two-headed ogre
 10291 | D:10     | Killed a two-headed ogre
 10640 | D:11     | Noticed a skeletal warrior
 10640 | D:11     | Noticed a skeletal warrior
 10640 | D:11     | Noticed a skeletal warrior
 10743 | Lair:1   | Reached XP level 12. HP: 50/75 MP: 17/17
 11274 | Lair:1   | Noticed a six-headed hydra
 11294 | Lair:1   | HP: 4/114 [six-headed hydra (10)]
 11295 | Lair:1   | Killed a six-headed hydra
 11296 | Lair:1   | Reached skill level 10 in Unarmed Combat
 11898 | Lair:2   | Noticed a death yak
 11898 | Lair:2   | Noticed a death yak
 11902 | Lair:2   | Noticed a death yak
 11904 | Lair:2   | Noticed a death yak
 11905 | Lair:2   | Noticed a death yak
 11912 | Lair:1   | Killed a death yak
 12180 | Lair:2   | Reached skill level 10 in Dodging
 12313 | Lair:2   | Noticed a seven-headed hydra
 12329 | Lair:2   | Learned a level 3 spell: Call Canine Familiar
 12522 | Lair:1   | Killed a death yak
 12910 | D:11     | Reached skill level 1 in Evocations
 13114 | D:10     | Slain by a skeletal warrior

Illustrated notes

Levels and vault maps discovered:
D:1:      minmay_arrival_open_corners, layout_rooms, serial_shops,
          nicolae_shop_temple_entry_statues_fountains,
          shapermc_ecumenical_altar_mp_highgroup
D:2:      layout_loops_ring, serial_bayou_pond_d
D:3:      minmay_inner_zag, layout_loops_corners,
          nicolae_ru_sacrificial_ziggurat, kennysheep_generic_room_3,
          uniq_robin, uniq_jessica
D:4:      layout_loops_ring, gammafunk_ghost_nasty_kobolds,
          grunt_decor_resistance, uniq_pikel, uniq_menkaure
D:5:      layout_gridville, mainiacjoe_overflow_alcove_1,
          minmay_temple_entry_arrows, gammafunk_ghost_split, uniq_eustachio
D:6:      layout_loops_ring, nicolae_overflow_hallway_of_the_gods
D:7:      layout_rooms, serial_shops, nicolae_shop_waterfront,
          chequers_mini_garden
D:8:      layout_rooms, serial_shops, nicolae_shop_waterfront
D:9:      layout_irregular_city, uniq_prince_ribbit1
D:10:     layout_stronghold, dpeg_lair_monsters, orc_0_dummy, st_stairs_3
D:11:     minmay_blocky_corners, layout_cave_pools, serial_bayou,
          serial_bayou_shore_b, serial_bayou_pond_d, serial_bayou_shore_b,
          serial_bayou_pond_d
Temple:   nicolae_temple_no_exploring_needed
Lair:1:   layout_long_grid, nicolae_quartered_pool_super,
          cheibrodos_lair_reptile_den
Lair:2:   layout_chaotic_city, minmay_swamp_entry_reptiles, lemuel_fruit_fields

Skill      XL: |  1  2  3  4  5  6  7  8  9 10 11 12 |
---------------+-------------------------------------+-----
Dodging        | 2 3 4 5 6 8 9 10 | 10.1
Invocations    | 1 2 3 4 6 7 |  7.0
Fighting       | 3 4 5 6 7 8 9 |  9.4
Stealth        | 5 |  5.5
Necromancy     | 1 2 4 5 7 8 9 |  9.3
Spellcasting   | 1 2 |  2.3
Fire Magic     | 1 |  1.6
Unarmed Combat | 2 5 7 8 9 10 | 10.2
Evocations     | 1 |  1.1
Short Blades   | |  2.1
Throwing       | |  2.0

Action                   |  1- 3 |  4- 6 |  7- 9 | 10-12 || total
-------------------------+-------+-------+-------+-------++-------
Melee: Long sword        |    59 |    77 |    14 |       ||   150
       Kick              |    13 |    14 |    50 |   106 ||   183
       Dagger            |     4 |       |     5 |       ||     9
       Peck              |     5 |    10 |    34 |    70 ||   119
       Hand axe          |       |       |   161 |   252 ||   413
       Punch             |       |       |     3 |    26 ||    29
       Unarmed           |       |       |       |    43 ||    43
       Staff             |       |       |       |     9 ||     9
Throw: Dart              |       |    11 |    18 |    21 ||    50
 Cast: Scorch            |       |       |     5 |       ||     5
Invok: Bend Time         |       |       |     1 |       ||     1
       Slouch            |       |       |       |     5 ||     5
       Temporal Distorti |       |       |       |     6 ||     6
Evoke: Wand              |       |       |       |     8 ||     8
       Condenser vane    |       |       |       |     1 ||     1
  Use: Scroll            |       |       |    11 |     8 ||    19
       Potion            |       |       |     2 |    10 ||    12
 Stab: Sleeping          |     7 |     6 |    14 |    11 ||    38
       Distracted        |       |       |     1 |       ||     1
       Confused          |       |       |       |     1 ||     1
Armor: Robe              |    17 |    11 |    19 |     9 ||    56
       Ring mail         |       |       |       |     9 ||     9
       Skin              |       |       |       |    46 ||    46
Dodge: Dodged            |    47 |    58 |   181 |   383 ||   669
Block: Other             |       |       |       |    82 ||    82
       Reflection        |       |       |       |     3 ||     3

Table legend: (Time is in decaauts)
 A = Elapsed time spent in this place.
 B = Non-inter-level travel time spent in this place.
 C = Inter-level travel time spent in this place.
 D = Time resting spent in this place.
 E = Time spent auto-exploring this place.
 F = Levels seen in this place.
 G = Mean time per level.
                   A        B        C        D        E       F      G
               +--------+--------+--------+--------+--------+-----+--------+
         Total |  15943 |  15009 |    934 |   3287 |   7980 |  14 | 1138.8 |
       Dungeon |  13122 |  12332 |    790 |   2271 |   6914 |  11 | 1192.9 |
        Temple |     15 |      7 |      8 |      0 |      0 |   1 |   15.0 |
          Lair |   2805 |   2670 |    135 |   1016 |   1066 |   2 | 1402.5 |
               +--------+--------+--------+--------+--------+-----+--------+

Top non-repeatable levels by time:
    D:10: 2626 daAuts
  Lair:1: 2283 daAuts
     D:3: 1579 daAuts
     D:4: 1418 daAuts
     D:9: 1380 daAuts
     D:6: 1257 daAuts
     D:5: 1026 daAuts
     D:7: 1022 daAuts
     D:2: 992 daAuts
     D:8: 926 daAuts
     D:1: 803 daAuts
  Lair:2: 521 daAuts
    D:11: 88 daAuts
  Temple: 15 daAuts
